 Dungeon Crawl Stone Soup version 0.29-a0-393-g47a863cc1b (webtiles) character file.

Game seed: 4612719026960401972

5 hquester the Grave Robber (level 1, -2/13 HPs)
             Began as a Human Necromancer on May 10, 2022.
             Slain by a hobgoblin (3 damage)
             ... on level 1 of the Dungeon.
             The game lasted 00:04:02 (340 turns).

hquester the Grave Robber (Human Necromancer)        Turns: 340, Time: 00:04:03

Health: -2/13      AC:  2    Str:  8    XL:     1   Next: 88%
Magic:  2/3        EV: 12    Int: 15    God:
Gold:   13         SH:  0    Dex: 13    Spells: 2/4 levels left

rFire   . . .      SeeInvis .   (no weapon)
rCold   . . .      Faith    .   (no shield)
rNeg    . . .      Spirit   .   a - +0 robe
rPois   .          Reflect  .   (no helmet)
rElec   .          Harm     .   (no cloak)
rCorr   .          Rampage  .   (no gloves)
Will    .....                   (no boots)
Stlth   ++........              (no amulet)
HPRegen 0.04/turn               (no ring)
MPRegen 0.08/turn               (no ring)

@: no status effects
A: no striking features
a: no special abilities


You were on level 1 of the Dungeon.
You visited 1 branch of the dungeon, and saw 1 of its levels.

You collected 13 gold pieces.

Inventory:

Armour
 a - a +0 robe (worn)
Scrolls
 c - a scroll of blinking {unknown}
Potions
 b - a potion of magic
 d - a potion of attraction {unknown}


   Skills:
 + Level 2.1 Dodging
 + Level 2.0 Stealth
 + Level 2.0 Spellcasting
 + Level 4.2 Necromancy


You had 2 spell levels left.
You knew the following spells:

 Your Spells              Type           Power      Damage    Failure   Level
a - Pain                  Necr           56%        1d6       4%          1
b - Animate Skeleton      Necr           28%        N/A       4%          1

Your spell library contained the following spells:

 Spells                   Type           Power      Damage    Failure   Level
 Vampiric Draining        Necr           14%        2d7       12%         3
 Animate Dead             Necr           7%         N/A       36%         4
 Agony                    Necr           14%        N/A       73%         5


Dungeon Overview and Level Annotations

Branches:
Dungeon (1/15)

Altars:


Message History

Confirm with . or Enter, or press ? or * to list all spells.
There is nothing nearby to animate!
You see here a giant cockroach corpse.
Found three human skeletons.
Casting: Animate Skeleton (safe; 4% risk of failure)
Confirm with . or Enter, or press ? or * to list all spells.
You attempt to give life to the dead...
The dead are walking!
Your human skeleton closely misses the frilled lizard.
You see here a human skeleton.
Your human skeleton closely misses the frilled lizard.
Your human skeleton barely misses the frilled lizard.
Your human skeleton misses the frilled lizard.
Your human skeleton hits the frilled lizard.
The frilled lizard dies!
You see here a human skeleton.
You see here a human skeleton.
Unknown command.
Casting: Animate Skeleton (safe; 4% risk of failure)
Confirm with . or Enter, or press ? or * to list all spells.
You attempt to give life to the dead...
The dead are walking!
Your human skeleton crumbles into dust!
Your human skeleton crumbles into dust!
HP restored.
A hobgoblin comes into view.
Found a sapphire potion.
A hobgoblin comes into view.
You see here a sapphire potion.
d - a sapphire potion You open the door.
The hobgoblin attacks as you move away! The hobgoblin hits you.
The hobgoblin attacks as you move away! The hobgoblin hits you.
The hobgoblin attacks as you move away! The hobgoblin hits you.
The hobgoblin attacks as you move away! The hobgoblin hits you.
* * * LOW HITPOINT WARNING * * *
You barely miss the hobgoblin. The hobgoblin closely misses you.
Casting: Animate Skeleton (safe; 4% risk of failure)
Confirm with . or Enter, or press ? or * to list all spells.
You attempt to give life to the dead...
The dead are walking!
The hobgoblin hits you.
You die...

♣..8..8...........8..8..♣
♣.......................♣
♣♣.......................♣♣
♣...8..8...........8..8...♣
♣............<............♣
♣...8..8...........8..8...♣
♣♣.......................♣♣
♣...Z....g..............♣
♣..8..8..@........8..8..♣ #
♣.......................♣
#.##############.############
#........## #.#.......#
########..#### #.........#
##..[.# ###.......# #....#
#.......# ##...#####.......#
#.....l.†.......#


You could see a hobgoblin (ally target) and a friendly human skeleton.

Vanquished Creatures
  A giant cockroach (D:1)
1 creature vanquished.

Vanquished Creatures (collateral kills)
  An endoplasm (D:1)
  A giant cockroach (D:1)
  A frilled lizard (D:1)
  A rat (D:1)
4 creatures vanquished.

Grand Total: 5 creatures vanquished

Notes
Turn   | Place    | Note
-------+----------+-------------------------------------------
     0 | D:1      | hquester the Human Necromancer began the quest for the Orb.
     0 | D:1      | Reached XP level 1. HP: 13/13 MP: 3/3
     2 | D:1      | Learned a level 1 spell: Animate Skeleton
   340 | D:1      | Slain by a hobgoblin

Illustrated notes

Levels and vault maps discovered:
D:1:      giann_forest_graveyard, layout_basic

Action                   || total
-------------------------++-------
Melee: Unarmed           ||     2
 Cast: Animate Skeleton  ||     5
       Pain              ||     3
Armor: Robe              ||     7
Dodge: Dodged            ||     7

Table legend: (Time is in decaauts)
 A = Elapsed time spent in this place.
 B = Non-inter-level travel time spent in this place.
 C = Inter-level travel time spent in this place.
 D = Time resting spent in this place.
 E = Time spent auto-exploring this place.
 F = Levels seen in this place.
 G = Mean time per level.
                   A        B        C        D        E       F      G
               +--------+--------+--------+--------+--------+-----+--------+
         Total |    340 |    323 |     17 |     34 |    156 |   1 |  340.0 |
       Dungeon |    340 |    323 |     17 |     34 |    156 |   1 |  340.0 |
               +--------+--------+--------+--------+--------+-----+--------+

Top non-repeatable levels by time:
     D:1: 340 daAuts
